Map: Frozen Temple

Players

Miracle

  • Race: Zerg Zerg
  • League: Diamond

blackxored - Winner!

  • Race: Zerg Zerg
  • League: Diamond

VOD

Have the link to the VOD?

Description

Time

  • Played on: July 1, 2016, 9:23 p.m.
  • Length: 9:27
Show
View Real Time Build Order
Export as new Build Order

Miracle Zerg 

Build Orders: Pool First 

Get SALT Encoding   

  12  0:01  Drone  
  13  0:12  Overlord  
  13  0:19  Drone  
  14  0:32  Drone x2  
  16  0:40  Drone  
  17  0:45  Extractor  
  17  0:48  Spawning Pool  
  15  0:58  Drone x2  
  17  1:09  Drone  
  18  1:19  Drone  
  19  1:29  Hatchery  
  18  1:38  Queen  
  20  1:48  Metabolic Boost  
  20  2:03  Overlord  
  20  2:04  Zergling x2  
  20  2:05  Zergling x2  
  22  2:21  Queen  
  24  2:38  Drone x3  
  27  2:44  Drone  
  28  2:52  Drone x2  
  30  3:01  Zergling x2  
  30  3:02  Zergling x4  
  33  3:08  Zergling x2  
  33  3:09  Spine Crawler  
  33  3:13  Zergling x2  
  33  3:18  Zergling x2  
  31  3:26  Zergling x2  
  31  3:32  Roach Warren  
  31  3:33  Extractor  
  29  3:38  Drone x2  
  29  3:39  Queen, Drone x3  
  34  4:06  Drone x2  
  33  4:11  Evolution Chamber  
  33  4:12  Evolution Chamber  
  33  4:15  Queen  
  33  4:16  Roach  
  35  4:21  Overlord  
  35  4:25  Zergling x2  
  34  4:35  Zergling x4  
  35  4:44  Zergling x2  
  35  4:45  Zergling x6  
  24  5:03  Zergling x6  
  24  5:04  Zergling x8  
  28  5:47  Roach  
  28  5:48  Roach x3  
  36  5:59  Evolution Chamber  
  36  6:02  Drone  
  36  6:03  Overlord  
  34  6:17  Roach x2  
  29  6:26  Drone  
  30  6:33  Drone  
  30  6:34  Drone  
  32  6:48  Zerg Missile Weapons Level 1  
  32  6:49  Drone  
  33  6:54  Drone x2  
  35  7:02  Roach  
  37  7:08  Drone x2  
  39  7:25  Roach x2  
  42  7:41  Drone x2  
  42  7:43  Overlord x3  
  44  8:12  Roach x4  
  54  8:13  Roach x2  
  54  8:19  Drone  
  58  8:20  Drone x3  
  60  8:43  Overlord  
  60  8:44  Overlord  
  62  9:02  Roach  
  62  9:03  Roach x3  
Show
View Real Time Build Order
Export as new Build Order

blackxored Zerg - Winner!

Build Orders: Pool First, Zergling Baneling 

Get SALT Encoding   

  12  0:01  Drone  
  13  0:08  Drone  
  14  0:18  Extractor, Drone  
  14  0:33  Spawning Pool  
  13  0:36  Drone  
  14  0:45  Overlord  
  14  0:53  Extractor, Drone  
  15  1:05  Drone x2  
  17  1:16  Drone  
  18  1:20  Queen  
  20  1:26  Overlord  
  20  1:34  Metabolic Boost  
  20  1:42  Baneling Nest  
  20  1:46  Zergling x2  
  20  1:48  Zergling x2  
  20  1:52  Zergling x2  
  22  2:13  Zergling x2  
  23  2:22  Drone  
  24  2:25  Drone  
  24  2:29  Hatchery  
  24  2:36  Baneling x4  
  24  2:39  Zergling x4  
  24  2:42  Zergling x2  
  27  2:45  Zergling x2  
  28  2:54  Zergling x2  
  28  3:18  Zergling x2  
  28  3:19  Zergling x6  
  29  3:26  Zergling x2  
  28  3:31  Baneling x2  
  26  3:36  Zergling x2  
  27  3:44  Baneling x2  
  27  3:45  Zergling x2  
  27  3:46  Zergling x2  
  29  3:55  Zergling x4  
  29  4:10  Zergling x4  
  29  4:11  Zergling x4  
  29  4:45  Zergling x2  
  29  4:46  Zergling x10  
  31  4:57  Queen  
  30  5:01  Zergling x8  
  31  5:09  Zergling x2  
  31  5:10  Zergling x2  
  33  5:28  Lair  
  33  5:29  Drone x3  
  32  5:40  Zergling x10  
  36  5:46  Roach Warren  
  36  5:49  Spine Crawler  
  34  5:50  Spine Crawler  
  34  5:52  Spine Crawler  
  32  6:00  Overlord  
  28  6:12  Baneling  
  23  6:30  Drone x6  
  23  6:31  Drone x2  
  31  6:36  Extractor  
  30  6:41  Overlord  
  30  6:55  Spire  
  30  6:57  Drone  
  30  6:59  Drone  
  31  7:02  Drone  
  32  7:12  Queen  
  34  7:20  Drone x4  
  38  7:23  Drone  
  39  7:39  Drone x2  
  39  7:43  Drone x2  
  43  7:45  Extractor x2  
  43  7:47  Overlord  
  41  8:00  Drone x3  
  41  8:03  Overlord  
  44  8:13  Drone  
  44  8:14  Spire  
  44  8:15  Mutalisk  
  44  8:16  Mutalisk  
  49  8:20  Mutalisk  
  49  8:21  Mutalisk  
  49  8:25  Drone  
  54  8:29  Drone x3  
  54  8:34  Mutalisk  
  57  8:36  Overlord  
  59  8:57  Mutalisk  
  59  8:58  Mutalisk  
  62  9:03  Hatchery  
Tags
 
Add a new tag
Caveats
  • Supply blocks, unpowered buildings, or Contaminate may cause inaccurate times.
  • Supply counts are checked every 10 seconds.